 Dungeon Crawl Stone Soup version 0.28.0 (webtiles) character file.

Game seed: 5439014138936481683

8045 GrayStillPlays the Thaumaturge (level 11, -2/121 HPs)
             Began as a Gnoll Wanderer on Feb 6, 2022.
             Was a Believer of Vehumet.
             Slain by a 12-headed hydra (8 damage)
             ... on level 1 of the Lair of Beasts.
             The game lasted 00:59:40 (16054 turns).

GrayStillPlays the Thaumaturge (Gnoll Wanderer)    Turns: 16054, Time: 00:59:41

Health: -2/121     AC: 29    Str: 10    XL:     11   Next: 24%
Magic:  33/33      EV:  2    Int: 16    God:    Vehumet [**....]
Gold:   366        SH:  0    Dex: 13    Spells: 21/29 levels left

rFire   . . .      SeeInvis .   D - +7 Throatcutter {drain, coup de grace}
rCold   . . .      Faith    .   (no shield)
rNeg    . . .      Spirit   .   (armour currently unavailable)
rPois   +          Reflect  .   (helmet currently unavailable)
rElec   .          Harm     .   (cloak currently unavailable)
rCorr   .          Rampage  .   (gloves currently unavailable)
Will    .....      NoTele   +   (boots currently unavailable)
Stlth   +++.......              (no amulet)
HPRegen 0.30/turn               w - ring of magical power
MPRegen 0.23/turn               K - +4 ring of protection

@: mighty, tree-form
A: stationary, stasis, torment immunity, boosted hp, (fangs 1), strong nose,
distributed training
a: Renounce Religion


You were on level 1 of the Lair of Beasts.
You worshipped Vehumet.
Vehumet was pleased with you.
You were a tree.
You visited 3 branches of the dungeon, and saw 11 of its levels.

You collected 366 gold pieces.


Innate Abilities, Weirdness & Mutations

You are a tree.
Your roots penetrate the ground, keeping you stationary.
You cannot be teleported.
You are immune to unholy pain and torment.
Your maximum health is greatly increased.
Your equipment is partially melded.
((You have very sharp teeth.))
Your uncanny sense of smell can sniff out nearby items.
Your experience applies equally to all skills.


   Skills:
 + Level 6.1 Fighting
 + Level 6.1 Short Blades
 + Level 6.1 Long Blades
 + Level 6.1 Axes
 + Level 6.1 Maces & Flails
 + Level 6.1 Polearms
 + Level 6.1 Staves
 + Level 6.1 Slings
 + Level 6.1 Bows
 + Level 6.1 Crossbows
 + Level 6.1 Throwing
 + Level 6.7 Armour
 + Level 9.0 Dodging
 + Level 6.6 Stealth
 + Level 6.1 Shields
 + Level 6.1 Unarmed Combat
 + Level 9.5 Spellcasting
 + Level 5.0 Conjurations
 + Level 5.0 Hexes
 + Level 5.0 Summonings
 + Level 5.0 Necromancy
 + Level 5.0 Translocations
 + Level 5.0 Transmutations
 + Level 5.0 Fire Magic
 + Level 5.0 Ice Magic
 + Level 5.0 Air Magic
 + Level 5.0 Earth Magic
 + Level 5.0 Poison Magic
 + Level 7.2 Invocations
 + Level 6.7 Evocations


You had 21 spell levels left.
You knew the following spells:

 Your Spells              Type           Power      Damage    Failure   Level
a - Foxfire               Conj/Fire      92%        2x1d8     1%          1
b - Inner Flame           Hex/Fire       23%        N/A       3%          3
c - Flame Wave            Conj/Fire      23%        2d7       12%         4

Your spell library contained the following spells:

 Spells                   Type           Power      Damage    Failure   Level
 Freeze                   Ice            92%        1d10      1%          1
 Corpse Rot               Necr/Air       46%        N/A       1%          2
 Conjure Flame            Conj/Fire      23%        6-21      3%          3
 Gell's Gravitas          Tloc           23%        N/A       3%          3
 Lesser Beckoning         Tloc           23%        N/A       3%          3
 Teleport Other           Tloc           23%        N/A       3%          3
 Cause Fear               Hex            11%        N/A       12%         4
 Dispel Undead            Necr           23%        3d12      12%         4
 Death Channel            Necr           11%        N/A       88%         6
 Discord                  Hex            11%        N/A       100%        8

Inventory:

Hand Weapons
 a - a +0 dagger {short}
 D - the +7 Throatcutter (weapon) {drain, coup de grace}
   (You found it on level 6 of the Dungeon)

   A truly terrible weapon, it drains the life of any living foe it strikes.
   It may instantly kill foes which have little health.
Missiles
 b - 2 throwing nets {=f!fthrowing}
 j - 84 sling bullets
 B - 3 boomerangs of dispersal {=f!fthrowing}
 T - 18 arrows
Armour
 d - a +2 ring mail of poison resistance
   (You found it on level 6 of the Dungeon)
 o - a +0 cloak (melded)
   (You took it off Maurice on level 8 of the Dungeon)
 y - a +0 helmet (melded)
   (You found it on level 4 of the Dungeon)
 I - a +0 robe of positive energy (melded)
   (You took it off an orc wizard on level 6 of the Dungeon)
 O - a +0 pair of boots (melded)
   (You found it on level 7 of the Dungeon)
Jewellery
 w - a ring of magical power (left branch)
   (You found it on level 4 of the Dungeon)
 K - a +4 ring of protection (right branch)
   (You found it on level 7 of the Dungeon)
 M - a ring of wizardry
   (You found it on level 7 of the Dungeon)
 U - the ring of the Postmodern Ears {Fly Int+3}
   (You found it on level 2 of the Lair of Beasts)

   [ring of flight]

   Int:       It affects your intelligence (+3).
   Fly:       It grants you flight.
Wands
 c - a wand of flame (30)
 m - a wand of mindburst (5)
   (You found it on level 2 of the Dungeon)
 u - a wand of paralysis (6)
   (You found it on level 3 of the Dungeon)
 F - a wand of charming (7)
   (You found it on level 6 of the Dungeon)
 J - a wand of acid (7)
   (You found it on level 6 of the Dungeon)
 R - a wand of digging (5)
   (You took it off Maurice on level 8 of the Dungeon)
Scrolls
 e - a scroll of vulnerability {unknown}
 f - a scroll of silence {unknown}
 i - a scroll of amnesia {unknown}
 k - 2 scrolls of enchant weapon
 l - a scroll of blinking {!r}
 p - 3 scrolls of magic mapping {!r}
 s - a scroll of fog
 t - a scroll of immolation {unknown}
 v - a scroll of teleportation {unknown}
 E - a scroll of identify {@r1}
 G - 2 scrolls of fear {unknown}
 N - 2 scrolls of noise {unknown}
 Q - 4 scrolls of torment {unknown}
 S - a scroll of summoning {unknown}
Potions
 h - a potion of mutation {unknown}
 n - a potion of might
 q - 2 potions of lignification {!q}
 r - a potion of resistance {unknown}
 x - a potion of brilliance {unknown}
 z - 2 potions of flight
 A - 2 potions of haste {@q3}
 C - a potion of degeneration {unknown}
 H - 10 potions of ambrosia
 L - a potion of invisibility
 P - a potion of attraction {!q}

Dungeon Overview and Level Annotations

Branches:
Dungeon (8/15)             Temple (1/1) D:6            Lair (2/6) D:8
  Swamp: Lair:2-4    Shoals: Lair:2-4     Snake: Lair:2-4    Spider: Lair:2-4

Altars:
Ashenzari
Cheibriados
Dithmenos
Elyvilon
Fedhas
Hepliaklqana
Kikubaaqudgha
Makhleb
Nemelex Xobeh
Okawaru
Qazlal
Ru
Sif Muna
Trog
Uskayaw
Vehumet
Wu Jian
Xom
Yredelemnul
Zin
The Shining One

### #####....#...#.###P#.......
#### ##P#........##.....<... ††.#
####.................. ...#
#.#................... ..†#
##.............#...>.. †.†# ###
##............##...... ...###.##
#............#.##..... †..#....#
##...D........###..... ####....#
#....♣........# #.....
>.......####.............# #.....
.........##..............# ##....
.........###.............# ##...
.........# #............### ##P.
.........####.............#######
.........#............####.....##
...................#..# ##..P...
..........###...####.## #######


You could see a 12-headed hydra (drained).


Message History

😮 HP[+1] Really quaff the potion of lignification?
You turn into a tree.
Your +0 cloak melds into your body.
Your +0 helmet melds into your body.
Your +0 pair of boots melds into your body.
Your +0 robe of positive energy melds into your body.
You feel less protected from negative energy.
Your roots penetrate the ground.
The seven-headed hydra bites you but does no damage.
The seven-headed hydra bites you!
* * * LOW HITPOINT WARNING * * *
The seven-headed hydra barely misses you.
The seven-headed hydra completely misses you.
The seven-headed hydra bites you but does no damage.
The seven-headed hydra barely misses you.
The seven-headed hydra bites you but does no damage. 😨 HP[+13]
You now have 121 max hp (+40).
You regained 13 hp, and now have 58/121 hp.
You lop one of the seven-headed hydra's heads off!
The six-headed hydra grows two more!
You hit the eight-headed hydra.
The eight-headed hydra bites you but does no damage.
The eight-headed hydra bites you.
* * * LOW HITPOINT WARNING * * *
The eight-headed hydra completely misses you.
The eight-headed hydra bites you but does no damage. x3
The eight-headed hydra bites you.
* * * LOW HITPOINT WARNING * * *
The eight-headed hydra bites you but does no damage. 😨 HP[-4]
You take 4 damage, and now have 54/121 hp.
You lop one of the eight-headed hydra's heads off!
The seven-headed hydra grows two more!
You slash the nine-headed hydra!
The nine-headed hydra bites you but does no damage. x6
The nine-headed hydra bites you.
* * * LOW HITPOINT WARNING * * *
The nine-headed hydra bites you.
* * * LOW HITPOINT WARNING * * *
The nine-headed hydra bites you but does no damage. 😨 HP[-6]
You take 6 damage, and now have 48/121 hp.
You slice one of the nine-headed hydra's heads off!
The eight-headed hydra grows two more!
You hit the ten-headed hydra. You drain the ten-headed hydra.
The ten-headed hydra bites you but does no damage. x3
The ten-headed hydra bites you!
* * * LOW HITPOINT WARNING * * *
The ten-headed hydra bites you but does no damage.
The ten-headed hydra bites you!
* * * LOW HITPOINT WARNING * * *
The ten-headed hydra completely misses you.
The ten-headed hydra bites you but does no damage. x3 😨 HP[-17]
You take 17 damage, and now have 31/121 hp.
You hack one of the ten-headed hydra's heads off!
The nine-headed hydra grows two more!
You slash the 11-headed hydra! You drain the 11-headed hydra.
The 11-headed hydra bites you but does no damage.
The 11-headed hydra bites you.
* * * LOW HITPOINT WARNING * * *
The 11-headed hydra bites you but does no damage. x3
The 11-headed hydra bites you.
* * * LOW HITPOINT WARNING * * *
The 11-headed hydra bites you but does no damage. x5 😱 HP[-7]
You take 7 damage, and now have 24/121 hp.
You feel very mighty all of a sudden.
The 11-headed hydra bites you but does no damage.
The 11-headed hydra barely misses you.
The 11-headed hydra completely misses you.
The 11-headed hydra bites you but does no damage. x5
The 11-headed hydra bites you!
* * * LOW HITPOINT WARNING * * *
The 11-headed hydra bites you but does no damage. x2 😱 HP[-7]
You take 7 damage, and now have 17/121 hp.
You lop one of the 11-headed hydra's heads off!
The ten-headed hydra grows two more!
You slash the 12-headed hydra! You drain the 12-headed hydra.
The 12-headed hydra bites you but does no damage. x2
The 12-headed hydra bites you!
* * * LOW HITPOINT WARNING * * *
The 12-headed hydra barely misses you.
The 12-headed hydra bites you but does no damage. x5
The 12-headed hydra bites you.
* * * LOW HITPOINT WARNING * * *
The 12-headed hydra bites you but does no damage. x3
The 12-headed hydra bites you.
* * * LOW HITPOINT WARNING * * *
The 12-headed hydra bites you but does no damage. x7
The 12-headed hydra bites you.
* * * LOW HITPOINT WARNING * * *
The 12-headed hydra barely misses you.
The 12-headed hydra bites you but does no damage. 😱 HP[-16]
You take 16 damage, and now have 1/121 hp.
You feel better.
The 12-headed hydra bites you but does no damage. x2
The 12-headed hydra bites you!
You die...

Skill      XL: |  1  2  3  4  5  6  7  8  9 10 11 |
---------------+----------------------------------+-----
Fighting       | 1 2 3 4 5 6 |  6.1
Short Blades   | 1 2 3 4 5 6 |  6.1
Long Blades    | 1 2 3 4 5 6 |  6.1
Axes           | 1 2 3 4 5 6 |  6.1
Maces & Flails | 1 2 3 4 5 6 |  6.1
Polearms       | 1 2 3 4 5 6 |  6.1
Staves         | 1 2 3 4 5 6 |  6.1
Slings         | 1 2 3 4 5 6 |  6.1
Bows           | 1 2 3 4 5 6 |  6.1
Crossbows      | 1 2 3 4 5 6 |  6.1
Throwing       | 1 2 3 4 5 6 |  6.1
Shields        | 1 2 3 4 5 6 |  6.1
Unarmed Combat | 1 2 3 4 5 6 |  6.1
Conjurations   | 1 2 3 4 5 |  5.0
Hexes          | 1 2 3 4 5 |  5.0
Summonings     | 1 2 3 4 5 |  5.0
Necromancy     | 1 2 3 4 5 |  5.0
Translocations | 1 2 3 4 5 |  5.0
Transmutations | 1 2 3 4 5 |  5.0
Fire Magic     | 1 2 3 4 5 |  5.0
Ice Magic      | 1 2 3 4 5 |  5.0
Air Magic      | 1 2 3 4 5 |  5.0
Earth Magic    | 1 2 3 4 5 |  5.0
Poison Magic   | 1 2 3 4 5 |  5.0
Invocations    | 3 4 5 7 |  7.2
Armour         | 3 4 5 6 |  6.7
Evocations     | 3 4 5 6 |  6.7
Stealth        | 3 4 5 6 |  6.6
Dodging        | 7 8 9 |  9.0
Spellcasting   | 8 9 |  9.5

Action                   |  1- 3 |  4- 6 |  7- 9 | 10-12 || total
-------------------------+-------+-------+-------+-------++-------
Melee: Dagger            |    22 |    27 |    55 |       ||   104
       Bite              |     3 |     3 |    10 |       ||    16
       Long sword        |       |       |    41 |    28 ||    69
       Punch             |       |       |     2 |       ||     2
 Cast: Foxfire           |    59 |   176 |   268 |   155 ||   658
       Inner Flame       |       |       |       |     8 ||     8
       Flame Wave        |       |       |       |     1 ||     1
Evoke: Wand              |       |     9 |    15 |    14 ||    38
  Use: Scroll            |       |       |     9 |     3 ||    12
       Potion            |       |       |       |     4 ||     4
 Stab: Paralysed         |       |     2 |     3 |       ||     5
       Sleeping          |       |       |     1 |       ||     1
       Distracted        |       |       |       |     1 ||     1
Armor: Leather armour    |       |    14 |    28 |       ||    42
       Robe              |       |       |     3 |    25 ||    28
       Skin              |       |       |       |    59 ||    59
Dodge: Dodged            |    19 |    57 |   142 |    85 ||   303

Levels and vault maps discovered:
D:1:      lemuel_arrival_room, layout_basic, minmay_misc_feat_ornament,
          kennysheep_doodads, minmay_misc_feat_alley
D:2:      layout_loops_ring, shapermc_ecumenical_altar_mp_highgroup,
          supply_closet_lemuel, uniq_jessica
D:3:      layout_basic, nicolae_qazlal_general_emergency,
          mainiacjoe_overflow_boulevard, mainiacjoe_overflow_paths
D:4:      layout_layer_cave, fedhas_altar_3, minmay_liquid_box
D:5:      layout_loops_ring, mainiacjoe_overflow_brackets,
          kiku_gazebo_pond_becter, mainiacjoe_overflow_catwalk
D:6:      layout_basic, minmay_temple_entry_sparse_star, uniq_grinder
D:7:      layout_cave_pods, mainiacjoe_overflow_alcove_4, worms_lemuel
D:8:      layout_cave_pods, due_lair_maze_entry_diamond, uniq_maurice
Temple:   nicolae_temple_figure_eight
Lair:1:   layout_cave_pods, special_room [special_room_bee]
Lair:2:   nzn_winding_woodlands_medium [nzn_winding_woodlands_5x5_open_star,
          nzn_winding_woodlands_5x15_pathside_ponds,
          nzn_winding_woodlands_5x5_cross,
          nzn_winding_woodlands_5x5_checkerboard,
          nzn_winding_woodlands_center_garden,
          nzn_winding_woodlands_5x5_closed_star,
          nzn_winding_woodlands_hourglass,
          nzn_winding_woodlands_5x15_split_checker,
          nzn_winding_woodlands_5x5_default], layout_chaotic_city,
          grunt_megastairs_2, serial_bayou_shore_a

Notes
Turn   | Place    | Note
-------+----------+-------------------------------------------
     0 | D:1      | GrayStillPlays the Gnoll Wanderer began the quest for the
                  | Orb.
     0 | D:1      | GrayStillPlays set off with the following items: a +0
                  | dagger {short}, 2 throwing nets {=f!fthrowing}, a wand of
                  | flame (7), a +0 leather armour; and the following spell
                  | memorised: Foxfire; and the following spells available to
                  | memorise: Conjure Flame
     0 | D:1      | Reached XP level 1. HP: 13/13 MP: 8/8
     0 | D:1      | magus.rc [v1.9.6]
     3 | D:1      | You fall into a shaft and drop 1 floor!
   134 | D:1      | Reached XP level 2. HP: 18/19 MP: 7/10
   269 | D:1      | You pick up a book of Flames and begin reading...
   269 | D:1      | You add the spells Inner Flame and Flame Wave to your
                  | library.
   278 | D:1      | HP: 1/19 [hobgoblin (14)]
   288 | D:1      | HP: 1/19 [hobgoblin (1)]
   820 | D:1      | You pick up a book of Displacement and begin reading...
   820 | D:1      | You add the spells Lesser Beckoning, Gell's Gravitas and
                  | Teleport Other to your library.
   888 | D:1      | Reached XP level 3. HP: 23/25 MP: 8/11
  1485 | D:2      | Reached skill level 1 in Fighting
  1485 | D:2      | Reached skill level 1 in Short Blades
  1485 | D:2      | Reached skill level 1 in Long Blades
  1485 | D:2      | Reached skill level 1 in Axes
  1485 | D:2      | Reached skill level 1 in Maces & Flails
  1485 | D:2      | Reached skill level 1 in Polearms
  1485 | D:2      | Reached skill level 1 in Staves
  1485 | D:2      | Reached skill level 1 in Slings
  1485 | D:2      | Reached skill level 1 in Bows
  1485 | D:2      | Reached skill level 1 in Crossbows
  1485 | D:2      | Reached skill level 1 in Throwing
  1485 | D:2      | Reached skill level 1 in Shields
  1485 | D:2      | Reached skill level 1 in Unarmed Combat
  1485 | D:2      | Reached XP level 4. HP: 32/32 MP: 5/13
  1931 | D:2      | Reached skill level 1 in Conjurations
  1931 | D:2      | Reached skill level 1 in Hexes
  1931 | D:2      | Reached skill level 1 in Summonings
  1931 | D:2      | Reached skill level 1 in Necromancy
  1931 | D:2      | Reached skill level 1 in Translocations
  1931 | D:2      | Reached skill level 1 in Transmutations
  1931 | D:2      | Reached skill level 1 in Fire Magic
  1931 | D:2      | Reached skill level 1 in Ice Magic
  1931 | D:2      | Reached skill level 1 in Air Magic
  1931 | D:2      | Reached skill level 1 in Earth Magic
  1931 | D:2      | Reached skill level 1 in Poison Magic
  2165 | D:2      | You pick up a book of Decay and begin reading...
  2165 | D:2      | You add the spells Corpse Rot, Dispel Undead and Death
                  | Channel to your library.
  2167 | D:2      | Noticed Jessica
  2174 | D:2      | Killed Jessica
  2175 | D:2      | Reached skill level 3 in Invocations
  2175 | D:2      | Reached XP level 5. HP: 36/37 MP: 6/14
  2572 | D:2      | Found a faded altar of an unknown god.
  2820 | D:3      | Found a stormy altar of Qazlal.
  2939 | D:3      | Found a white marble altar of Elyvilon.
  3141 | D:3      | Found a shadowy altar of Dithmenos.
  3170 | D:3      | Reached skill level 3 in Armour
  3170 | D:3      | Reached skill level 3 in Evocations
  3588 | D:4      | Found a blossoming altar of Fedhas.
  4028 | D:4      | HP: 8/37 [poisoned by a scorpion]
  4030 | D:4      | HP: 3/37 [scorpion (3)]
  4032 | D:4      | Reached skill level 3 in Stealth
  4032 | D:4      | Reached XP level 6. HP: 3/44 MP: 16/16
  4033 | D:4      | HP: 1/44 [poisoned by a scorpion]
  5222 | D:4      | Reached skill level 2 in Fighting
  5222 | D:4      | Reached skill level 2 in Short Blades
  5222 | D:4      | Reached skill level 2 in Long Blades
  5222 | D:4      | Reached skill level 2 in Axes
  5222 | D:4      | Reached skill level 2 in Maces & Flails
  5222 | D:4      | Reached skill level 2 in Polearms
  5222 | D:4      | Reached skill level 2 in Staves
  5222 | D:4      | Reached skill level 2 in Slings
  5222 | D:4      | Reached skill level 2 in Bows
  5222 | D:4      | Reached skill level 2 in Crossbows
  5222 | D:4      | Reached skill level 2 in Throwing
  5222 | D:4      | Reached skill level 2 in Shields
  5222 | D:4      | Reached skill level 2 in Unarmed Combat
  5603 | D:4      | Reached XP level 7. HP: 50/50 MP: 18/18
  5785 | D:5      | Entered Level 5 of the Dungeon
  5795 | D:5      | Reached skill level 7 in Dodging
  5823 | D:5      | HP: 11/51 [black bear (8)]
  5823 | D:5      | HP: 4/51 [black bear (5)]
  5825 | D:5      | Reached skill level 2 in Conjurations
  5825 | D:5      | Reached skill level 2 in Hexes
  5825 | D:5      | Reached skill level 2 in Summonings
  5825 | D:5      | Reached skill level 2 in Necromancy
  5825 | D:5      | Reached skill level 2 in Translocations
  5825 | D:5      | Reached skill level 2 in Transmutations
  5825 | D:5      | Reached skill level 2 in Fire Magic
  5825 | D:5      | Reached skill level 2 in Ice Magic
  5825 | D:5      | Reached skill level 2 in Air Magic
  5825 | D:5      | Reached skill level 2 in Earth Magic
  5825 | D:5      | Reached skill level 2 in Poison Magic
  6156 | D:5      | Found a basalt altar of Yredelemnul.
  6235 | D:5      | Found a radiant altar of Vehumet.
  6254 | D:5      | HP: 12/51 [poisoned by a scorpion]
  6259 | D:5      | HP: 7/51 [poisoned by a scorpion]
  6951 | D:5      | Reached skill level 4 in Invocations
  7157 | D:5      | Found an ancient bone altar of Kikubaaqudgha.
  7177 | D:5      | Reached XP level 8. HP: 35/57 MP: 18/19
  7348 | D:5      | Reached skill level 3 in Fighting
  7348 | D:5      | Reached skill level 3 in Short Blades
  7348 | D:5      | Reached skill level 3 in Long Blades
  7348 | D:5      | Reached skill level 3 in Axes
  7348 | D:5      | Reached skill level 3 in Maces & Flails
  7348 | D:5      | Reached skill level 3 in Polearms
  7348 | D:5      | Reached skill level 3 in Staves
  7348 | D:5      | Reached skill level 3 in Slings
  7348 | D:5      | Reached skill level 3 in Bows
  7348 | D:5      | Reached skill level 3 in Crossbows
  7348 | D:5      | Reached skill level 3 in Throwing
  7348 | D:5      | Reached skill level 4 in Armour
  7348 | D:5      | Reached skill level 3 in Shields
  7348 | D:5      | Reached skill level 3 in Unarmed Combat
  7348 | D:5      | Reached skill level 4 in Evocations
  8010 | D:6      | Reached skill level 4 in Stealth
  8152 | D:6      | Found the +7 Throatcutter {drain, coup de grace}
  8376 | D:6      | Reached skill level 8 in Spellcasting
  8408 | D:6      | Noticed Grinder
  8413 | D:6      | Killed Grinder
  8526 | D:6      | Found a staircase to the Ecumenical Temple.
  8538 | Temple   | Entered the Ecumenical Temple
  8977 | D:5      | Became a worshipper of Vehumet
  9252 | D:6      | Reached skill level 3 in Conjurations
  9252 | D:6      | Reached skill level 3 in Hexes
  9252 | D:6      | Reached skill level 3 in Summonings
  9252 | D:6      | Reached skill level 3 in Necromancy
  9252 | D:6      | Reached skill level 3 in Translocations
  9252 | D:6      | Reached skill level 3 in Transmutations
  9252 | D:6      | Reached skill level 3 in Fire Magic
  9252 | D:6      | Reached skill level 3 in Ice Magic
  9252 | D:6      | Reached skill level 3 in Air Magic
  9252 | D:6      | Reached skill level 3 in Earth Magic
  9252 | D:6      | Reached skill level 3 in Poison Magic
  9356 | D:6      | HP: 13/60 [orc wizard/bolt of acid (35)]
  9360 | D:6      | HP: 3/60 [orc (4)]
  9885 | D:6      | Reached skill level 5 in Invocations
  9885 | D:6      | Reached XP level 9. HP: 65/65 MP: 21/21
 10453 | D:7      | Reached skill level 4 in Fighting
 10453 | D:7      | Reached skill level 4 in Short Blades
 10453 | D:7      | Reached skill level 4 in Long Blades
 10453 | D:7      | Reached skill level 4 in Axes
 10453 | D:7      | Reached skill level 4 in Maces & Flails
 10453 | D:7      | Reached skill level 4 in Polearms
 10453 | D:7      | Reached skill level 4 in Staves
 10453 | D:7      | Reached skill level 4 in Slings
 10453 | D:7      | Reached skill level 4 in Bows
 10453 | D:7      | Reached skill level 4 in Crossbows
 10453 | D:7      | Reached skill level 4 in Throwing
 10453 | D:7      | Reached skill level 4 in Shields
 10453 | D:7      | Reached skill level 4 in Unarmed Combat
 10863 | D:7      | Reached skill level 5 in Armour
 10863 | D:7      | Reached skill level 5 in Evocations
 10908 | D:7      | Found an iron altar of Okawaru.
 11223 | D:7      | You pick up a book of Hexes and begin reading...
 11223 | D:7      | You add the spells Cause Fear and Discord to your library.
 11269 | D:7      | Reached * piety under Vehumet
 11269 | D:7      | Offered knowledge of Shock by Vehumet.
 11870 | D:7      | Reached skill level 5 in Stealth
 11888 | D:6      | Reached skill level 8 in Dodging
 12505 | D:8      | Found a staircase to the Lair.
 12604 | D:8      | Noticed Maurice
 12613 | D:8      | Killed Maurice
 12614 | D:8      | Reached XP level 10. HP: 73/73 MP: 22/22
 12727 | D:8      | You pick up a book of Flames and begin reading...
 12854 | D:8      | Reached skill level 4 in Conjurations
 12854 | D:8      | Reached skill level 4 in Hexes
 12854 | D:8      | Reached skill level 4 in Summonings
 12854 | D:8      | Reached skill level 4 in Necromancy
 12854 | D:8      | Reached skill level 4 in Translocations
 12854 | D:8      | Reached skill level 4 in Transmutations
 12854 | D:8      | Reached skill level 4 in Fire Magic
 12854 | D:8      | Reached skill level 4 in Ice Magic
 12854 | D:8      | Reached skill level 4 in Air Magic
 12854 | D:8      | Reached skill level 4 in Earth Magic
 12854 | D:8      | Reached skill level 4 in Poison Magic
 12855 | D:8      | Reached skill level 6 in Invocations
 12982 | D:8      | Reached skill level 5 in Fighting
 12982 | D:8      | Reached skill level 5 in Short Blades
 12982 | D:8      | Reached skill level 5 in Long Blades
 12982 | D:8      | Reached skill level 5 in Axes
 12982 | D:8      | Reached skill level 5 in Maces & Flails
 12982 | D:8      | Reached skill level 5 in Polearms
 12982 | D:8      | Reached skill level 5 in Staves
 12982 | D:8      | Reached skill level 5 in Slings
 12982 | D:8      | Reached skill level 5 in Bows
 12982 | D:8      | Reached skill level 5 in Crossbows
 12982 | D:8      | Reached skill level 5 in Throwing
 12982 | D:8      | Reached skill level 5 in Shields
 12982 | D:8      | Reached skill level 5 in Unarmed Combat
 13097 | D:8      | HP: 17/74 [komodo dragon (14)]
 13480 | D:8      | Learned a level 3 spell: Inner Flame
 13919 | Lair:1   | Entered Level 1 of the Lair of Beasts
 13924 | Lair:1   | Noticed a cane toad
 13932 | Lair:1   | Killed a cane toad
 13933 | Lair:1   | Reached skill level 9 in Spellcasting
 13966 | Lair:1   | Reached skill level 6 in Armour
 13966 | Lair:1   | Reached skill level 6 in Evocations
 13972 | Lair:1   | Reached skill level 6 in Stealth
 13979 | Lair:1   | Noticed an eight-headed hydra
 13988 | Lair:1   | Killed an eight-headed hydra
 14122 | Lair:1   | You pick up a book of Decay and begin reading...
 14198 | Lair:1   | Offered knowledge of Freeze by Vehumet.
 14198 | Lair:1   | Reached ** piety under Vehumet
 14199 | Lair:1   | Reached skill level 7 in Invocations
 14199 | Lair:1   | Reached XP level 11. HP: 48/81 MP: 20/24
 14382 | Lair:1   | Reached skill level 9 in Dodging
 14559 | Lair:1   | Learned a level 4 spell: Flame Wave
 14633 | Lair:1   | Reached skill level 6 in Fighting
 14633 | Lair:1   | Reached skill level 6 in Short Blades
 14633 | Lair:1   | Reached skill level 6 in Long Blades
 14633 | Lair:1   | Reached skill level 6 in Axes
 14633 | Lair:1   | Reached skill level 6 in Maces & Flails
 14633 | Lair:1   | Reached skill level 6 in Polearms
 14633 | Lair:1   | Reached skill level 6 in Staves
 14633 | Lair:1   | Reached skill level 6 in Slings
 14633 | Lair:1   | Reached skill level 6 in Bows
 14633 | Lair:1   | Reached skill level 6 in Crossbows
 14633 | Lair:1   | Reached skill level 6 in Throwing
 14633 | Lair:1   | Reached skill level 6 in Shields
 14633 | Lair:1   | Reached skill level 6 in Unarmed Combat
 14764 | Lair:1   | Reached skill level 5 in Conjurations
 14764 | Lair:1   | Reached skill level 5 in Hexes
 14764 | Lair:1   | Reached skill level 5 in Summonings
 14764 | Lair:1   | Reached skill level 5 in Necromancy
 14764 | Lair:1   | Reached skill level 5 in Translocations
 14764 | Lair:1   | Reached skill level 5 in Transmutations
 14764 | Lair:1   | Reached skill level 5 in Fire Magic
 14764 | Lair:1   | Reached skill level 5 in Ice Magic
 14764 | Lair:1   | Reached skill level 5 in Air Magic
 14764 | Lair:1   | Reached skill level 5 in Earth Magic
 14764 | Lair:1   | Reached skill level 5 in Poison Magic
 15983 | Lair:2   | Identified the ring of the Postmodern Ears {Fly Int+3}
 16005 | Lair:2   | Noticed a seven-headed hydra
 16051 | Lair:1   | HP: 30/121 [11-headed hydra (1)]
 16053 | Lair:1   | HP: 9/121 [12-headed hydra (9)]
 16053 | Lair:1   | HP: 1/121 [12-headed hydra (4)]
 16054 | Lair:1   | Slain by a 12-headed hydra

Vanquished Creatures
  A hydra (Lair:1)
  Maurice (D:8)
  2 cane toads (Lair:1)
  A queen bee (Lair:1)
  Grinder (D:6)
  2 basilisks (Lair:1)
  6 yaks
  3 swamp worms
  6 water moccasins
  3 black bears
  A hornet zombie (D:8)
  An ogre (D:4)
  A phantom (D:6)
  3 bullfrogs
  5 scorpions
  2 wyvern skeletons (D:5)
  29 killer bees
  12 wights
  A centaur zombie (D:6)
  2 orc priests
  7 hounds
  3 jellies
  A gnoll shaman (D:6)
  A centaur skeleton (D:4)
  Jessica (D:2)
  3 iguanas (D:5)
  6 orc wizards
  A howler monkey zombie (D:7)
  4 gnolls
  2 howler monkey skeletons
  6 adders
  2 shadow imps
  3 ufetubi
  A worm (D:3)
  2 dart slugs
  17 orcs
  9 endoplasms
  3 giant cockroaches
  10 goblins
  4 hobgoblins
  4 jackals (D:2)
  8 kobolds
  7 quokkas
  7 ball pythons
  4 bats
  6 frilled lizards
205 creatures vanquished.

Vanquished Creatures (collateral kills)
  A komodo dragon (D:8)
  An orc (D:6)
  30 foxfires
32 creatures vanquished.

Vanquished Creatures (others)
  An orc wizard (D:6)
  1014 foxfires
  26 fungi
  27 plants
1068 creatures vanquished.

Grand Total: 1305 creatures vanquished

Table legend:
 A = Non-vault XP
 B = Vault XP
 C = Vault XP percentage of total XP
 D = Non-vault monster count
 E = Vault monster count
 F = Vault count percentage of total count
                 A         B        C        D         E       F
            +---------+---------+-------+---------+---------+-------
      Total |    6976 |    4518 |  39.3 |     166 |      42 |  20.2
            +---------+---------+-------+---------+---------+-------
        D:1 |      57 |       0 |   0.0 |      25 |       0 |   0.0
        D:2 |      89 |      37 |  29.4 |      21 |       1 |   4.5
        D:3 |      57 |       0 |   0.0 |      16 |       0 |   0.0
        D:4 |     403 |       0 |   0.0 |      23 |       0 |   0.0
        D:5 |     791 |       0 |   0.0 |      18 |       0 |   0.0
        D:6 |     971 |     428 |  30.6 |      25 |       2 |   7.4
        D:7 |     756 |     329 |  30.3 |      18 |       2 |  10.0
        D:8 |     591 |    1805 |  75.3 |       9 |      10 |  52.6
     Lair:1 |    3261 |    1919 |  37.0 |      11 |      27 |  71.1
            +---------+---------+-------+---------+---------+-------

Illustrated notes

Table legend:
 A = Kills in this place as a percentage of kills in entire the game.
 B = Kills by you in this place as a percentage of kills by you in the entire game.
 C = Kills by friends in this place as a percentage of kills by friends in the entire game.
 D = Other kills in this place as a percentage of other kills in the entire game.
 E = Experience gained in this place as a percentage of experience gained in the entire game.
 F = Experience gained in this place divided by the number of levels of this place that you have seen.
                   A       B       C       D       E      F
               +-------+-------+-------+-------+-------+----------------------
         Total | 100.0 | 100.0 | 100.0 | 100.0 | 100.0 | 1044.9
       Dungeon |  81.7 |  81.5 | 100.0 | 100.0 |  54.9 | 789.2
          Lair |  18.3 |  18.5 |   0.0 |   0.0 |  45.1 | 2590.0
               +-------+-------+-------+-------+-------+----------------------

Table legend: (Time is in decaauts)
 A = Elapsed time spent in this place.
 B = Non-inter-level travel time spent in this place.
 C = Inter-level travel time spent in this place.
 D = Time resting spent in this place.
 E = Time spent auto-exploring this place.
 F = Levels seen in this place.
 G = Mean time per level.
                   A        B        C        D        E       F      G
               +--------+--------+--------+--------+--------+-----+--------+
         Total |  16097 |  15168 |    929 |   4160 |   7679 |  11 | 1463.4 |
       Dungeon |  13608 |  12843 |    765 |   3658 |   6649 |   8 | 1701.0 |
        Temple |    351 |    203 |    148 |      0 |    199 |   1 |  351.0 |
          Lair |   2137 |   2121 |     16 |    502 |    831 |   2 | 1068.5 |
               +--------+--------+--------+--------+--------+-----+--------+

Top non-repeatable levels by time:
     D:4: 2304 daAuts
     D:5: 2170 daAuts
  Lair:1: 2056 daAuts
     D:6: 1919 daAuts
     D:7: 1914 daAuts
     D:1: 1417 daAuts
     D:8: 1361 daAuts
     D:3: 1265 daAuts
     D:2: 1255 daAuts
  Temple: 351 daAuts
  Lair:2: 80 daAuts
